AoeStats
← 2228575683

Arena

508879612Analyzed
4v4 RM · 9d ago on Sep 24, 2026· 39m 8s· 8 players
Game mode
Random Map
Map size
Large (8 player)
Population
200
Speed
Normal
Resources
Standard
Victory
Conquest
Starting age
Dark Age
Ending age
Imperial Age
RankedLock teamsTeams togetherTeam positionsShared explorationLock speedFull tech treeHidden civsTurbo modeCheats
Victory
Defeat
🇬🇧 Burmese · United Kingdom
897
+17
🇨🇳 Japanese · China
832
+19
🇯🇵 Franks · Japan
820
+20
🇨🇴 Khmer · Colombia
806
+19
🇨🇳 Romans · China
910
-19
🇨🇳 Teutons · China
909
-19
🇨🇳 Magyars · China
908
-19
🇨🇳 Vietnamese · China
881
-18
Juan774244
10:41 Feudal Age
11:08 Double-Bit Axe
11:07 Horse Collar
12:11 Wheelbarrow
18:22 Castle Age
17:08 Gold Mining
18:10 Loom
19:37 Bow Saw
20:37 Heavy Plow
21:34 Forging
21:29 Scale Barding Armor
21:32 Stone Mining
24:46 Hand Cart
26:25 Bloodlines
26:15 Husbandry
26:26 Crossbowman
28:02 Fletching
28:12 Padded Archer Armor
29:04 Bodkin Arrow
33:22 Imperial Age
35:38 Iron Casting
35:59 Bracer
36:14 Town Watch
36:05 Arbalester
38:18 Gold Shaft Mining
38:18 Stone Shaft Mining
38:28 Conscription
37:51 Elite Battle Elephant
No name1406
9:17 Feudal Age
12:24 Horse Collar
15:47 Castle Age
16:52 Forging
16:43 Scale Mail Armor
17:14 Heavy Plow
18:31 Iron Casting
18:05 Man-at-Arms
27:08 Gold Mining
27:54 Loom
29:57 Wheelbarrow
31:08 Gold Shaft Mining
30:11 Long Swordsman
36:25 Squires
36:44 Chain Mail Armor
40:59 Imperial Age
店長
2:46 Loom
11:04 Feudal Age
18:47 Castle Age
17:13 Scale Barding Armor
17:21 Double-Bit Axe
18:06 Forging
20:17 Wheelbarrow
20:12 Husbandry
23:49 Hand Cart
32:50 Imperial Age
30:26 Gold Mining
31:40 Bow Saw
34:07 Chain Barding Armor
34:23 Iron Casting
33:17 Light Cavalry
34:27 Town Watch
34:58 Fortified Wall
36:34 Gold Shaft Mining
35:49 Stone Mining
36:12 Cavalier
37:31 Plate Barding Armor
37:57 Blast Furnace
38:36 Chemistry
37:57 Ballistics
37:36 Fletching
37:47 Padded Archer Armor
38:38 Chivalry
38:50 Paladin
39:53 Conscription
39:42 Town Patrol
小菜机
11:36 Feudal Age
16:29 Castle Age
15:18 Double-Bit Axe
15:25 Gold Mining
19:14 Forging
19:04 Scale Mail Armor
23:38 Bow Saw
23:52 Horse Collar
24:52 Wheelbarrow
26:15 Scale Mail Armor
26:51 Iron Casting
27:30 Hand Cart
27:52 Chain Mail Armor
37:52 Imperial Age
Light
11:20 Feudal Age
15:17 Castle Age
13:19 Double-Bit Axe
22:49 Bow Saw
23:58 Horse Collar
24:43 Heavy Plow
25:22 Wheelbarrow
25:52 Fortified Wall
31:14 Imperial Age
28:34 Loom
29:09 Hand Cart
28:40 Town Watch
28:23 Pikeman
29:42 Scale Mail Armor
30:43 Masonry
WADS
0:43 Loom
11:15 Feudal Age
19:42 Castle Age
20:59 Double-Bit Axe
20:56 Horse Collar
21:08 Gold Mining
21:11 Stone Mining
29:03 Imperial Age
27:16 Bow Saw
29:36 Wheelbarrow
29:53 Treadmill Crane
30:24 Fortified Wall
30:05 Heated Shot
30:36 Ballistics
31:17 Chemistry
30:21 Padded Archer Armor
30:12 Fletching
31:20 Stone Shaft Mining
31:23 Hand Cart
31:44 Leather Archer Armor
34:19 Two-Man Saw
33:23 Heavy Plow
33:24 Bodkin Arrow
34:01 Ring Archer Armor
33:10 Elite Skirmisher
33:52 Elite Skirmisher
35:32 Crop Rotation
35:27 Masonry
35:15 Imperial Skirmisher
36:01 Bracer
37:42 Pikeman
38:23 Squires
38:10 Arson
38:27 Scale Mail Armor
38:38 Forging
PariBlack
0:29 Loom
12:25 Feudal Age
15:49 Wheelbarrow
17:22 Castle Age
16:37 Horse Collar
16:47 Double-Bit Axe
17:36 Stone Mining
17:41 Gold Mining
18:51 Bow Saw
19:27 Heavy Plow
31:43 Pikeman
32:45 Forging
2228575683
0:41 Loom
14:20 Feudal Age
18:02 Double-Bit Axe
21:08 Horse Collar
23:42 Castle Age
22:09 Gold Mining
22:11 Stone Mining
30:57 Bow Saw
34:00 Gold Shaft Mining
Connection lost

Rejoining the realm…

Still unreachable

The connection could not be restored.

Session expired

The server has moved on; the page needs a fresh start.